 Dungeon Crawl Stone Soup version 0.30-a0-782-ge64f9170bb (webtiles) character file.

Game seed: 5741567352413996458

55202 mopl the Jinx (level 14, -2/36 (82) HPs)
             Began as a Deep Elf Enchanter on Mar 14, 2023.
             Was the Champion of Dithmenos.
             Hit by a javelin thrown by a minotaur (19 damage)
             ... in a Gauntlet.
             The game lasted 01:07:53 (22116 turns).

mopl the Jinx (Deep Elf Enchanter)                 Turns: 22116, Time: 01:07:54

HP:   -2/36 (82)    AC:  7    Str:  5    XL:     14   Next: 37%
MP:   23/31         EV: 12    Int: 32    God:    Dithmenos [******]
Gold: 2055          SH: 12    Dex: 15    Spells: 12/36 levels left

rFire   . . .      SeeInvis +    a - +6 short sword of the Festooned God {freeze, rElec}
rCold   . . .      Faith    .    P - +2 kite shield
rNeg    . . .      Spirit   .    T - +0 robe {Will+}
rPois   +          Reflect  .    d - +2 helmet {SInv}
rElec   +          Harm     .    s - scarf {+Inv}
rCorr   .          Rampage  .    F - +0 pair of gloves
Will    ++...      NoTele   +    h - +0 pair of boots
Stlth   +++++++++                i - amulet of regeneration
HPRegen 1.06/turn                y - ring of poison resistance
MPRegen 0.22/turn                U - +6 ring of intelligence

@: wreathed by umbra, studying 2 skills, extremely drained
A: no striking features
a: Renounce Religion, Evoke Invisibility, Shadow Step, Shadow Form


You were in a Gauntlet.
You worshipped Dithmenos.
Dithmenos was exalted by your worship.
You visited 4 branches of the dungeon, and saw 21 of its levels.
You also visited: Ossuary and Gauntlet.

You collected 2569 gold pieces.
You spent 514 gold pieces at shops.

Inventory:

Hand Weapons
 a - the +6 short sword of the Festooned God (weapon) {freeze, rElec}
   (You found it on level 4 of the Dungeon)

   rElec:     It insulates you from electricity.
 b - a +7 dagger of electrocution
Missiles
 f - 2 throwing nets
 l - 3 atropa-tipped darts
 t - 14 javelins
 v - 60 poisoned darts
 x - 21 boomerangs
 A - a curare-tipped dart
Armour
 d - a +2 helmet of see invisible (worn)
 h - a +0 pair of boots (worn)
 p - the +1 hat "Pidesej" {-Tele rElec Will+++ Int+2}
   (You found it in a Gauntlet)

   Int:       It affects your intelligence (+2).
   rElec:     It insulates you from electricity.
   -Tele:     It prevents most forms of teleportation.
   Will:      It greatly increases your willpower.
 s - a scarf of invisibility (worn)
 F - a +0 pair of gloves (worn)
 P - a +2 kite shield (worn)
 T - a +0 robe of willpower (worn)
Jewellery
 e - a ring of protection from cold
 i - an amulet of regeneration (around neck)
 n - an amulet of reflection
 y - a ring of poison resistance (left hand)
 B - a ring of resist corrosion
 K - the ring of the Everdark {rPois rC- rN+ Dex+6}
   (You found it on level 5 of the Dungeon)

   [ring of dexterity]

   Dex:       It affects your dexterity (+6).
   rC:        It makes you vulnerable to cold.
   rPois:     It protects you from poison.
   rN:        It protects you from negative energy.
 U - a +6 ring of intelligence (right hand)
Wands
 w - a wand of iceblast (5)
 M - a wand of flame (34)
 N - a wand of paralysis (16)
 S - a wand of digging (1)
 V - a wand of polymorph (20)
 W - a wand of quicksilver (10)
Scrolls
 g - 11 scrolls of teleportation
 j - a scroll of magic mapping
 H - a scroll of torment {!r}
 Q - 2 scrolls of blinking
 X - 3 scrolls of poison
 Y - 2 scrolls of silence {!r}
Potions
 c - 3 potions of invisibility
 k - 7 potions of heal wounds
 m - a potion of berserk rage {!q}
 o - 14 potions of curing
 q - 3 potions of haste
 z - 2 potions of cancellation
 C - 2 potions of lignification {!q}
 D - 2 potions of ambrosia
 E - 2 potions of might
 I - 2 potions of flight
 J - 2 potions of resistance
 O - a potion of magic
 Z - 2 potions of brilliance


   Skills:
 + Level 7.0 Fighting
 + Level 8.8 Short Blades
 + Level 10.6 Throwing
 + Level 5.2 Dodging
 + Level 11.9 Stealth
 + Level 5.8 Shields
 + Level 11.5 Spellcasting
 + Level 12.2 Hexes
 - Level 5.0 Necromancy
 + Level 8.2 Transmutations
 + Level 8.1 Earth Magic
 + Level 3.5 Invocations
 + Level 7.1 Evocations


You had 12 spell levels left.
You knew the following spells:

 Your Spells              Type           Power      Damage    Failure   Level
a - Dazzling Flash        Conj/Hex       100%       N/A       1%          3
b - Ensorcelled Hibernat  Hex/Ice        100%       N/A       1%          2
c - Confusing Touch       Hex            77%        N/A       1%          3
d - Tukima's Dance        Hex            77%        N/A       1%          3
g - Anguish               Hex/Necr       32%        N/A       1%          4
n - Swiftness             Air            18%        N/A       22%         3
p - Passwall              Tmut/Erth      52%        N/A       1%          2
t - Petrify               Tmut/Erth      63%        N/A       2%          4

Your spell library contained the following spells:

 Spells                   Type           Power      Damage    Failure   Level
 Spider Form              Tmut/Pois      44%        N/A       4%          3
 Fulminant Prism          Conj/Hex       27%        3d14      6%          4
 Magic Dart               Conj           72%        1d6       7%          1
 Ignite Poison            Fire/Tmut/Pois 35%        N/A       7%          3
 Searing Ray              Conj           36%        2d5       11%         2
 Metabolic Englaciation   Hex/Ice        27%        N/A       16%         5
 Summon Mana Viper        Hex/Summ       55%        N/A       16%         5
 Gell's Gravitas          Tloc           18%        N/A       22%         3
 Kindle Blastsparks       Fire/Tloc/Air  36%        2d13      22%         3
 Ozocubu's Armour         Ice            18%        N/A       22%         3
 Teleport Other           Tloc           18%        N/A       22%         3
 Vhi's Electric Charge    Tloc/Air       36%        N/A       22%         3
 Statue Form              Tmut/Erth      42%        N/A       36%         6
 Iskenderun's Mystic Bla  Conj/Tloc      18%        2d6       56%         4
 Summon Ice Beast         Ice/Summ       18%        N/A       56%         4
 Arcjolt                  Conj/Air       9%         1d19      89%         5
 Freezing Cloud           Conj/Ice/Air   9%         6-21      89%         5
 Simulacrum               Ice/Necr       17%        N/A       98%         6
 Dispersal                Tloc           9%         N/A       100%        6
 Starburst                Conj/Fire      9%         6d5       100%        6
 Monstrous Menagerie      Summ           9%         N/A       100%        7
 Maxwell's Capacitive Co  Air            9%         ∞         100%        8


Dungeon Overview and Level Annotations

Branches:
Dungeon (13/15)            Temple (1/1) D:6            Lair (5/5) D:10
  Swamp (0/4) Lair:3       Spider (0/4) Lair:2        Slime (0/5) Lair:5
    Orc (2/2) D:11            Elf (0/3) Orc:2       Ossuary (visited)
Gauntlet (1/1)
 Vaults: D:13-14

Altars:
Ashenzari
Cheibriados
Dithmenos
Elyvilon
Fedhas
Gozag
Hepliaklqana
Kikubaaqudgha
Makhleb
Nemelex Xobeh
Okawaru
Qazlal
Ru
Sif Muna
Trog
Uskayaw
Vehumet
Wu Jian
Xom
Yredelemnul
Zin
The Shining One

Shops:
D:3 :   D:11 :   D:13 [[[(:   Orc:2 !:[=

Annotations:
D:10 exclusion: 2 doors
D:12 1 runed translucent door, 1 exclusion, kae's ghost, journeyman DsTm
Lair:3 exclusion: oklob plant
Orc:1 3 runed translucent doors, Atixe's ghost, journeyman TrBe; Rye's ghost, journeyman HuMo
Orc:2 dagger Gauntlet 7 transporters


Message History

The living lightning hits you! You resist.
The raiju blinks!
The raiju looks drowsy...
The helpless raiju fails to defend itself.
You perforate the raiju like a sieve!!!!
You freeze the raiju.
You kill the raiju!
Dithmenos accepts your kill.
There is a transporter landing site here.
Your magical contamination has completely faded away.
You see here a raiju corpse.
There is a transporter here.
You enter the transporter and appear at another place.
Unknown command.
There is a transporter here.
There is a transporter here.
You enter the transporter and appear at another place.
A minotaur comes into view.
It is wielding the +8 mace of the Magic Mushroom {flame, rC++ rN+}.
Aiming: Paralyse
Press: ? - help, Shift-Dir - straight line, f - minotaur
Aim: a minotaur, wielding the +8 mace of the Magic Mushroom {flame, rC++ rN+}, wearing a +0 chain mail and quivering javelins (wandering, hasn't noticed you, umbra, chance to affect: 7%)
The minotaur bellows!
The minotaur resists with almost no effort.
Casting: Ensorcelled Hibernation (safe; 1% risk of failure)
Confirm with . or Enter, or press ? or * to list all spells.
Aiming: Petrify (dangerous; 2% risk of failure)
Press: ? - help, Shift-Dir - straight line, f/p - minotaur
Aim: a minotaur, wielding the +8 mace of the Magic Mushroom {flame, rC++ rN+}, wearing a +0 chain mail and quivering javelins (umbra, chance to affect: 14%)
The minotaur resists with almost no effort.
The minotaur throws a javelin.
The javelin pierces through you!!
Ouch! That really hurt!
You emit a cloud of dark smoke.
Casting: Petrify (dangerous; 2% risk of failure)
Confirm with . or Enter, or press ? or * to list all spells.
Aiming: Petrify (dangerous; 2% risk of failure)
Press: ? - help, Shift-Dir - straight line, f/p - minotaur
Aim: a minotaur, wielding the +8 mace of the Magic Mushroom {flame, rC++ rN+}, wearing a +0 chain mail and quivering javelins (umbra, chance to affect: 14%)
The minotaur resists with almost no effort.
The minotaur throws a javelin.
The javelin pierces through you!!
Ouch! That really hurt!
You die...

≈.#########...#≈≈≈#
≈....#©..8#...#...#
#..8.#...©#.8.#....
≈....#©..8#.⌠.#.8.#
≈.#########.8.#.©.##
≈.#...©##†#...#.8..
#.#...##..#...#.§§# .
≈.#†.##...#.8.#§8§##.H..
≈.#.##©.#.#.∩.#§@§...#
≈.#.#.^##.#.8.#§8.##.#
#.#...##..#...#.©.#
≈.#..##...#...#.8..
≈.#########.8.#.©.##
≈....#©..8#.⌠.#.8.#
#..8.#...©#.8.#....
≈....#©..8#...#...#
≈.#########...#≈≈≈#


You could see a minotaur.

Vanquished Creatures
  Rupert (D:12)
  4 hydras
  3 catoblepae (Lair:5)
  An ogre mage (Orc:2)
  A two-headed ogre (Orc:1)
  A boulder beetle (D:12)
  6 death yaks
  Urug (D:12)
  An orc high priest (Orc:2)
  A skyshark (Lair:3)
  An orb spider (Lair:2)
  Pikel (D:7)
  2 lindwurms
  A wizard (Gauntlet)
  2 orc knights (Orc:2)
  2 manticores (Lair:5)
  A cyclops (D:8)
  10 orc sorcerers
  7 elephants
  Joseph (D:9)
  4 black mambas
  A gargoyle (D:13)
  3 torpor snails
  10 cane toads
  A rime drake (Lair:1)
  5 komodo dragons
  3 trolls
  A hornet (D:7)
  A polar bear (Lair:5)
  A tyrant leech (Lair:3)
  3 blink frogs (Lair:3)
  2 raiju (Gauntlet)
  A slime creature (D:13)
  3 shadows
  2 wraiths
  Grum (Lair:1)
  44 yaks
  A steam dragon (D:8)
  4 wyverns
  A basilisk (D:13)
  5 wargs
  5 vampire mosquitoes
  A swamp worm (Lair:3)
  2 acid dragons
  16 water moccasins
  20 orc warriors
  2 ice beasts (D:6)
  A hornet zombie (D:6)
  18 wolves
  9 ogres
  4 centaurs
  4 phantoms
  5 kobold brigands
  2 elf zombies (Ossuary)
  10 bullfrogs
  2 wyvern zombies (D:6)
  2 necrophages
  A gnoll sergeant (D:6)
  2 scorpions (D:5)
  3 water moccasin zombies (D:6)
  2 wights (D:10)
  2 water moccasin skeletons (D:6)
  5 killer bees (D:9)
  8 electric eels
  6 howler monkeys
  7 bullfrog zombies (D:6)
  9 hounds
  5 centaur zombies (D:6)
  2 human zombies (Ossuary)
  21 orc priests
  A gnoll bouda (D:3)
  Jessica (D:3)
  2 bullfrog skeletons (D:6)
  Natasha (twice) (D:3)
  7 iguanas
  36 orc wizards
  A lightning spire (Gauntlet)
  2 killer bee zombies (D:6)
  2 mummies (Ossuary)
  3 howler monkey zombies (D:6)
  Robin (D:2)
  27 gnolls
  4 adders
  A howler monkey skeleton (D:6)
  A shadow imp (D:7)
  3 white imps (Gauntlet)
  4 ufetubi
  3 adder zombies (Ossuary)
  3 worms
  3 dart slugs
  92 orcs
  6 endoplasms
  A giant cockroach (D:4)
  18 goblins
  6 hobgoblins
  19 jackals
  20 kobolds
  A quokka (D:5)
  4 ball pythons
  3 bats
  2 frilled lizards
  9 hobgoblin zombies (Ossuary)
  2 jackal zombies (Ossuary)
  9 kobold zombies (Ossuary)
  9 orc zombies (Ossuary)
  A rat zombie (Ossuary)
630 creatures vanquished.

Vanquished Creatures (collateral kills)
  Nergalle (D:10)
  An orc warrior (D:10)
  2 wights (D:10)
  4 gnolls (D:3)
  A jackal (D:3)
9 creatures vanquished.

Vanquished Creatures (others)
  5 dancing weapons
  An orc wizard (Orc:2)
  37 fungi
  58 plants
  6 toadstools (D:1)
  6 withered plants
113 creatures vanquished.

Grand Total: 752 creatures vanquished

Notes
Turn   | Place    | Note
-------+----------+-------------------------------------------
     0 | D:1      | mopl the Deep Elf Enchanter began the quest for the Orb.
     0 | D:1      | Reached XP level 1. HP: 10/10 MP: 6/6
   291 | D:1      | Reached XP level 2. HP: 15/15 MP: 8/8
   294 | D:1      | Learned a level 2 spell: Ensorcelled Hibernation
   519 | D:1      | Found a faded altar of an unknown god.
   738 | D:1      | Reached skill level 4 in Stealth
  1356 | D:2      | Reached XP level 3. HP: 16/19 MP: 10/10
  1360 | D:2      | Learned a level 3 spell: Confusing Touch
  1364 | D:2      | Learned a level 3 spell: Tukima's Dance
  1417 | D:2      | Noticed Robin
  1572 | D:2      | Killed Robin
  1573 | D:2      | Reached skill level 2 in Short Blades
  1602 | D:2      | Found a burning altar of Makhleb.
  2304 | D:3      | Noticed Natasha
  2306 | D:3      | Killed Natasha
  2307 | D:3      | Reached XP level 4. HP: 24/24 MP: 11/11
  2417 | D:3      | Reached skill level 4 in Spellcasting
  2436 | D:3      | Reached skill level 5 in Hexes
  2475 | D:3      | Noticed Jessica
  2494 | D:3      | Killed Jessica
  2513 | D:3      | Reached XP level 5. HP: 28/28 MP: 8/13
  2518 | D:3      | Learned a level 3 spell: Dazzling Flash
  2592 | D:3      | Found Dorudenk's Book Emporium.
  2611 | D:3      | Bought a book of Burglary for 200 gold pieces
  2703 | D:3      | Reached skill level 1 in Fighting
  2777 | D:3      | Reached skill level 5 in Stealth
  2808 | D:3      | Reached XP level 6. HP: 33/34 MP: 4/15
  2818 | D:3      | Learned a level 2 spell: Passwall
  2835 | D:3      | Reached skill level 3 in Short Blades
  2996 | D:3      | Reached skill level 5 in Spellcasting
  3119 | D:3      | Reached skill level 1 in Transmutations
  3119 | D:3      | Reached skill level 1 in Earth Magic
  3144 | D:3      | Reached XP level 7. HP: 14/39 MP: 8/16
  3157 | D:3      | Reached skill level 6 in Hexes
  3328 | D:3      | Noticed Natasha
  3334 | D:3      | Killed Natasha
  3335 | D:3      | Reached skill level 2 in Fighting
  3732 | D:4      | Identified the +10 whip of Ymiph {freeze, Dex+2}
  3834 | D:4      | Reached skill level 2 in Transmutations
  3834 | D:4      | Reached skill level 2 in Earth Magic
  3945 | D:4      | Found a sand-covered staircase.
  3951 | Ossuary  | Entered an ossuary
  4158 | Ossuary  | Reached skill level 6 in Stealth
  4232 | Ossuary  | Reached skill level 6 in Spellcasting
  4232 | Ossuary  | Reached XP level 8. HP: 36/45 MP: 17/19
  4323 | D:4      | Reached skill level 4 in Short Blades
  4342 | D:4      | Identified the +6 short sword of the Festooned God {freeze,
                  | rElec}
  4718 | D:5      | Entered Level 5 of the Dungeon
  4736 | D:5      | Found a large runed translucent door.
  4736 | D:5      | Found a large runed translucent door.
  4803 | D:5      | Reached skill level 3 in Transmutations
  4803 | D:5      | Reached skill level 3 in Earth Magic
  4809 | D:5      | Found a glowing golden altar of the Shining One.
  4826 | D:5      | Found a radiant altar of Vehumet.
  4914 | D:5      | Identified the ring of the Everdark {rPois rC- rN+ Dex+6}
  4964 | D:5      | Reached skill level 3 in Fighting
  4964 | D:5      | Reached skill level 7 in Hexes
  5125 | D:5      | Reached skill level 7 in Stealth
  5268 | D:5      | Reached skill level 1 in Throwing
  5308 | D:5      | Reached XP level 9. HP: 51/51 MP: 19/21
  5767 | D:6      | Found a staircase to the Ecumenical Temple.
  5778 | D:6      | Reached skill level 7 in Spellcasting
  5813 | Temple   | Entered the Ecumenical Temple
  5993 | Temple   | Became a worshipper of Dithmenos the Shadowed
  6013 | D:6      | Reached skill level 2 in Throwing
  6013 | D:6      | Reached skill level 4 in Transmutations
  6101 | D:6      | Reached skill level 4 in Earth Magic
  6123 | D:6      | Reached skill level 5 in Short Blades
  6151 | D:6      | Reached skill level 3 in Throwing
  6367 | D:6      | Reached skill level 8 in Hexes
  6395 | D:6      | Reached * piety under Dithmenos
  6558 | D:6      | Reached skill level 4 in Fighting
  6633 | D:6      | Reached skill level 4 in Throwing
  6644 | D:6      | Reached skill level 8 in Stealth
  6644 | D:6      | Reached skill level 5 in Transmutations
  6721 | D:6      | Reached XP level 10. HP: 56/56 MP: 20/23
  6735 | D:6      | Reached skill level 8 in Spellcasting
  7053 | D:7      | Reached ** piety under Dithmenos
  7111 | D:7      | Noticed Pikel
  7120 | D:7      | Killed Pikel
  7121 | D:7      | Reached skill level 1 in Shields
  7121 | D:7      | Reached skill level 5 in Earth Magic
  7395 | D:7      | Reached skill level 5 in Throwing
  7675 | D:7      | Reached skill level 1 in Evocations
  7851 | D:7      | Reached skill level 2 in Shields
  7965 | D:8      | Noticed a cyclops
  7969 | D:8      | Killed a cyclops
  7970 | D:8      | Reached skill level 9 in Hexes
  7979 | D:8      | Reached skill level 6 in Short Blades
  9055 | D:9      | Noticed Joseph
  9056 | D:9      | Reached skill level 2 in Evocations
  9214 | D:9      | Killed Joseph
  9215 | D:9      | Reached skill level 6 in Throwing
  9215 | D:9      | Reached skill level 9 in Stealth
  9266 | D:9      | Reached *** piety under Dithmenos
  9717 | D:9      | Reached skill level 9 in Spellcasting
  9948 | D:10     | Entered Level 10 of the Dungeon
 10175 | D:10     | Reached XP level 11. HP: 48/60 MP: 21/26
 10335 | D:10     | Noticed Nergalle
 10400 | D:10     | Killed Nergalle
 10401 | D:10     | Reached skill level 5 in Fighting
 10510 | D:10     | Reached skill level 3 in Evocations
 10519 | D:10     | Found a staircase to the Lair.
 10933 | Lair:1   | Entered Level 1 of the Lair of Beasts
 10951 | Lair:1   | Reached skill level 3 in Shields
 11045 | Lair:1   | Found a snail-covered altar of Cheibriados.
 11053 | Lair:1   | Noticed Grum
 11073 | Lair:1   | Killed Grum
 11096 | Lair:1   | Reached skill level 10 in Hexes
 11149 | Lair:1   | Reached **** piety under Dithmenos
 11150 | Lair:1   | Reached skill level 7 in Throwing
 11495 | Lair:1   | Reached skill level 4 in Evocations
 11497 | Lair:1   | Reached skill level 7 in Short Blades
 11870 | Lair:2   | Learned a level 3 spell: Swiftness
 11875 | Lair:2   | Found a hole to the Spider Nest.
 11875 | Lair:2   | Noticed an orb spider
 11882 | Lair:2   | Reached skill level 10 in Stealth
 11978 | Lair:2   | Killed an orb spider
 12221 | Lair:2   | Identified the +5 ring mail "Onuryate" {Dex+2}
 12484 | Lair:2   | Noticed a four-headed hydra
 12528 | Lair:2   | Reached skill level 10 in Spellcasting
 12556 | Lair:2   | Killed a four-headed hydra
 12557 | Lair:2   | Reached XP level 12. HP: 69/69 MP: 26/28
 12960 | Lair:3   | Learned a level 4 spell: Anguish
 13000 | Lair:3   | Reached skill level 8 in Throwing
 13000 | Lair:3   | Reached skill level 4 in Shields
 13009 | Lair:3   | Reached skill level 6 in Transmutations
 13012 | Lair:3   | Reached skill level 1 in Necromancy
 13012 | Lair:3   | Reached skill level 6 in Earth Magic
 13103 | Lair:3   | Found a staircase to the Swamp.
 13494 | Lair:1   | Learned a level 4 spell: Petrify
 14086 | Lair:4   | Noticed an eight-headed hydra
 14103 | Lair:4   | Killed an eight-headed hydra
 14104 | Lair:4   | Reached skill level 5 in Evocations
 14147 | Lair:4   | Reached skill level 6 in Fighting
 14147 | Lair:4   | Reached skill level 2 in Necromancy
 14311 | Lair:4   | Noticed a five-headed hydra
 14323 | Lair:4   | Killed a five-headed hydra
 14329 | Lair:4   | Reached skill level 11 in Hexes
 14673 | Lair:5   | Entered Level 5 of the Lair of Beasts
 14700 | Lair:5   | Reached skill level 3 in Necromancy
 14827 | Lair:5   | Reached ***** piety under Dithmenos
 14866 | Lair:5   | Reached skill level 9 in Throwing
 14921 | Lair:5   | Noticed a four-headed hydra
 14924 | Lair:5   | HP: 1/70 [black mamba (6)]
 14934 | Lair:5   | Noticed a catoblepas
 14934 | Lair:5   | Noticed a death yak
 14999 | Lair:5   | Reached XP level 13. HP: 74/74 MP: 23/29
 15146 | Lair:5   | Reached skill level 8 in Short Blades
 15146 | Lair:5   | Reached skill level 11 in Stealth
 15146 | Lair:5   | Reached skill level 7 in Transmutations
 15188 | Lair:5   | Found a burning altar of Makhleb.
 15225 | Lair:5   | Found a staircase to the Slime Pits.
 15365 | Lair:5   | Reached skill level 7 in Earth Magic
 15372 | Lair:5   | Reached skill level 5 in Shields
 15638 | Lair:5   | Reached skill level 6 in Evocations
 15922 | Lair:5   | Reached skill level 4 in Necromancy
 16225 | Lair:5   | Reached skill level 1 in Invocations
 17592 | Lair:5   | Reached skill level 2 in Invocations
 17664 | Lair:5   | Reached skill level 11 in Spellcasting
 18018 | D:11     | Found Jibrylope's Tremendous Tomes.
 18675 | D:11     | Found a staircase to the Orcish Mines.
 18876 | D:12     | Noticed Urug
 18960 | D:12     | Killed Urug
 18961 | D:12     | Reached skill level 10 in Throwing
 18961 | D:12     | Reached skill level 3 in Dodging
 18992 | D:12     | Noticed kae's ghost (journeyman DsTm)
 18995 | D:12     | Found a runed translucent door.
 19018 | D:12     | Noticed Rupert
 19425 | Orc:1    | Entered Level 1 of the Orcish Mines
 19446 | Orc:1    | Reached ****** piety under Dithmenos
 19582 | Orc:1    | Reached skill level 4 in Dodging
 19607 | Orc:1    | Found a runed translucent gate.
 19607 | Orc:1    | Found a runed translucent gate.
 19607 | Orc:1    | Found a runed translucent gate.
 19608 | Orc:1    | Noticed Rye's ghost (journeyman HuMo)
 19608 | Orc:1    | Noticed Atixe's ghost (journeyman TrBe)
 19899 | Orc:2    | Entered Level 2 of the Orcish Mines
 19920 | Orc:2    | Found a staircase to the Elven Halls.
 20091 | Orc:2    | Reached skill level 5 in Necromancy
 20147 | Orc:2    | Found Zigoacy's Book Boutique.
 20172 | Orc:2    | Found an ancient bone altar of Kikubaaqudgha.
 20185 | Orc:2    | Reached XP level 14. HP: 80/80 MP: 31/31
 20188 | Orc:2    | Found Deda's Antique Armour Boutique.
 20218 | Orc:2    | Found a radiant altar of Vehumet.
 20222 | Orc:2    | Reached skill level 12 in Hexes
 20367 | Orc:2    | Reached skill level 3 in Invocations
 20756 | Orc:2    | Found Teisugyw's Distillery.
 20763 | Orc:2    | Bought a potion of curing for 45 gold pieces
 20763 | Orc:2    | Bought a potion of lignification for 45 gold pieces
 20915 | Orc:2    | Reached skill level 8 in Transmutations
 21028 | Orc:2    | Reached skill level 8 in Earth Magic
 21038 | Orc:2    | Found Gaezxaapp's Jewellery Boutique.
 21095 | Orc:2    | Reached skill level 7 in Evocations
 21107 | Orc:2    | Reached skill level 7 in Fighting
 21199 | Orc:2    | Bought a runed scarf for 224 gold pieces
 21457 | D:12     | Killed Rupert
 21458 | D:12     | Reached skill level 5 in Dodging
 21569 | D:13     | Found Qoexof's Antique Weapon Emporium.
 21615 | D:13     | Found Gananigi's Armour Shop.
 21617 | D:13     | Found Daarob's Armour Shoppe.
 21687 | D:13     | Found Geqikam's Armour Shoppe.
 21725 | D:13     | Found Imysorph's Book Shop.
 21759 | D:13     | Found a gate leading to a gauntlet.
 21776 | Gauntlet | Entered a Gauntlet
 21776 | Gauntlet | Found a transporter.
 21783 | Gauntlet | Found a transporter.
 21786 | Gauntlet | Found a transporter.
 21792 | Gauntlet | Found a transporter.
 21801 | Gauntlet | Found a transporter.
 21804 | Gauntlet | Found a transporter.
 21810 | Gauntlet | Found a transporter.
 21818 | Gauntlet | Found a transporter.
 21822 | Gauntlet | Found a transporter.
 21829 | Gauntlet | Found a transporter.
 21840 | Gauntlet | Found a transporter.
 21844 | Gauntlet | Found a transporter.
 21850 | Gauntlet | Found a transporter.
 21858 | Gauntlet | Found a transporter.
 22065 | Gauntlet | Identified the +1 hat "Pidesej" {-Tele rElec Will+++ Int+2}
 22113 | Gauntlet | Identified the +8 mace of the Magic Mushroom {flame, rC++
                  | rN+}
 22116 | Gauntlet | Hit by a javelin thrown by a minotaur

Illustrated notes

Levels and vault maps discovered:
D:1:      dpeg_arrival_simpleton_a, layout_loops_ring,
          chequers_ecumenical_altar_simple_redux, minmay_misc_feat_rugged,
          hangedman_decor_growths, minmay_gold_behind_fungi
D:2:      layout_basic, basic_altar, uniq_robin
D:3:      lemuel_castle_with_subvaults [lemuel_castle_interior_carwin_1],
          layout_loops_corners, serial_shops, nicolae_shop_advertising_works
          [nicolae_subvault_shop_adworks], uniq_jessica, uniq_natasha
D:4:      nicolae_cairo_tiling, layout_loops_ring,
          lightli_ossuary_entry_decrepit_ruins, hangedman_decor_clover_reticule,
          hangedman_decor_lopped, nrook_campfire
D:5:      layout_loops_ring, jmf_multi_god_temple2,
          chequers_serial_rivers_large_a, hangedman_decor_push,
          minmay_manual_mess
D:6:      layout_rooms, minmay_temple_entry_statues_fountains, serial_undead,
          serial_undead_d, serial_undead_a, serial_undead_c, serial_undead_e,
          serial_undead_e, serial_undead_e, serial_undead_d, serial_undead_b,
          serial_undead_d, serial_undead_d, mrwooster_statue_mirror
D:7:      layout_loops_corners, uniq_pikel
D:8:      layout_layer_cave
D:9:      layout_loops_ring, uniq_joseph
D:10:     layout_irregular_city, lair_entry_dummy, uniq_nergalle
D:11:     layout_gridville, erik_orc_2, minmay_splitting_lines,
          nicolae_shop_i_like_big_books
D:12:     layout_basic, hellmonk_ghost_happy_afterlife, uniq_rupert, uniq_urug
D:13:     layout_basic, serial_shops, shop, shop, nicolae_shop_trees, shop,
          shop, gauntlet_entry_generic, drop_trap, uniq_lodul
Temple:   nicolae_temple_slightly_damp_pantheon
Lair:1:   layout_hall_layers, serial_bayou, serial_bayou_crossing,
          serial_bayou_pond_e, serial_bayou_shore_b, serial_bayou_lake_a,
          basic_altar, grunt_megastairs_2, uniq_grum
Lair:2:   layout_chaotic_city, nicolae_spider_entry_orb_guardian, serial_rivers,
          chequers_serial_rivers_small_a, chequers_serial_rivers_room_a,
          chequers_serial_rivers_small_3, chequers_serial_rivers_micro_a,
          chequers_serial_rivers_micro_b, chequers_serial_rivers_room_b
Lair:3:   layout_cave_pods, minmay_swamp_entry_worms, dpeg_oklob_1,
          serial_bayou_shore_b, grunt_megastairs_4
Lair:4:   layout_loops_ring
Lair:5:   evilmike_catoblepas_cave, layout_misc_corridors, slime_entry_1,
          basic_altar
Orc:1:    layout_diamond_mine, gammafunk_ghost_cemetery
Orc:2:    kennysheep_orc_mage_school, layout_caves, basic_altar,
          minmay_orc_temple_c
Gauntlet: gammafunk_gauntlet_77_escape_option [minmay_gauntlet_arena_77_fan,
          minmay_gauntlet_arena_77_tiled_triplets,
          minmay_gauntlet_arena_77_two_lines,
          minmay_gauntlet_arena_77_radiant_squares,
          minmay_gauntlet_arena_77_museum, gauntlet_exit_green]

Skill      XL: |  1  2  3  4  5  6  7  8  9 10 11 12 13 14 |
---------------+-------------------------------------------+-----
Stealth        | 4 5 6 7 8 9 10 11 | 11.9
Short Blades   | 2 3 4 5 6 7 8 |  8.8
Spellcasting   | 4 5 6 7 9 10 11 | 11.5
Hexes          | 5 6 7 8 9 10 11 12 | 12.2
Fighting       | 1 2 3 4 5 6 7 |  7.0
Transmutations | 1 2 3 5 6 7 8 |  8.2
Earth Magic    | 1 2 3 4 5 6 7 8 |  8.1
Throwing       | 1 4 6 7 9 10 | 10.6
Shields        | 2 3 4 5 |  5.8
Evocations     | 2 4 5 6 7 |  7.1
Necromancy     | 3 5 |  5.0
Invocations    | 2 3 |  3.5
Dodging        | 4 5 |  5.2

Action                     |  1- 3 |  4- 6 |  7- 9 | 10-12 | 13-15 || total
---------------------------+-------+-------+-------+-------+-------++-------
  Melee: Dagger            |   105 |   185 |   586 |   307 |   417 ||  1600
         Punch             |     1 |       |     9 |     3 |       ||    13
         Short sword       |       |       |       |       |    11 ||    11
   Cast: Ensorcelled Hiber |    11 |    24 |    60 |   186 |   150 ||   431
         Tukima's Dance    |       |     4 |     6 |    14 |     3 ||    27
         Confusing Touch   |       |       |    17 |     7 |    13 ||    37
         Passwall          |       |       |       |     9 |    16 ||    25
         Petrify           |       |       |       |     3 |    72 ||    75
         Dazzling Flash    |       |       |       |       |     1 ||     1
Ability: Evoke Invisibilit |       |       |       |       |     2 ||     2
  Evoke: Wand              |       |     1 |     1 |       |     2 ||     4
    Use: Scroll            |       |       |       |    24 |     2 ||    26
         Potion            |       |       |       |     4 |     2 ||     6
   Stab: Sleeping          |    17 |    16 |    55 |   155 |   134 ||   377
         Distracted        |     1 |       |       |     1 |       ||     2
         Confused          |       |       |    14 |     5 |    11 ||    30
         Petrified         |       |       |       |     5 |    13 ||    18
         Paralysed         |       |       |       |       |     1 ||     1
         Invisible         |       |       |       |       |     2 ||     2
 Armour: Robe              |    17 |    55 |   133 |    70 |    69 ||   344
  Dodge: Dodged            |    59 |   153 |   310 |   148 |   116 ||   786
  Block: Kite shield       |       |       |       |    86 |   175 ||   261

Table legend: (Time is in decaauts)
 A = Elapsed time spent in this place.
 B = Non-inter-level travel time spent in this place.
 C = Inter-level travel time spent in this place.
 D = Time resting spent in this place.
 E = Time spent auto-exploring this place.
 F = Levels seen in this place.
 G = Mean time per level.
                   A        B        C        D        E       F      G
               +--------+--------+--------+--------+--------+-----+--------+
         Total |  21878 |  19955 |   1923 |   1941 |  11246 |  23 |  951.2 |
       Dungeon |  12267 |  11656 |    611 |    912 |   7239 |  13 |  943.6 |
        Temple |    190 |    167 |     23 |      0 |    144 |   1 |  190.0 |
          Lair |   6985 |   5829 |   1156 |    913 |   2935 |   5 | 1397.0 |
  Orcish Mines |   1815 |   1682 |    133 |     90 |    846 |   2 |  907.5 |
       Ossuary |    289 |    289 |      0 |      0 |     81 |   1 |  289.0 |
      Gauntlet |    329 |    329 |      0 |     26 |      0 |   1 |  329.0 |
               +--------+--------+--------+--------+--------+-----+--------+

Top non-repeatable levels by time:
  Lair:5: 1880 daAuts
  Lair:4: 1827 daAuts
     D:3: 1633 daAuts
   Orc:2: 1293 daAuts
  Lair:3: 1219 daAuts
     D:8: 1174 daAuts
     D:5: 1087 daAuts
  Lair:2: 1042 daAuts
    D:10: 1023 daAuts
     D:1: 1021 daAuts
  Lair:1: 1015 daAuts
    D:11: 1015 daAuts
     D:7: 992 daAuts
     D:2: 968 daAuts
     D:9: 902 daAuts
